 Dungeon Crawl Stone Soup version 0.30-a0-778-g2ef04afb54 (webtiles) character file.

Game seed: 8527553858210238949

625 Smoke131 the Chucker (level 7, -6/67 HPs)
             Began as an Ogre Gladiator on Feb 15, 2023.
             Was a Follower of Okawaru.
             Mangled by an orc
             ... wielding a +0 war axe
              (8 damage)
             ... on level 5 of the Dungeon.
             The game lasted 00:05:38 (1938 turns).

Smoke131 the Chucker (Ogre Gladiator)               Turns: 1938, Time: 00:05:39

Health: -6/67      AC:  3    Str: 19    XL:     7   Next: 47%
Magic:  10/10      EV: 10    Int:  9    God:    Okawaru [*.....]
Gold:   118        SH:  0    Dex: 12    Spells: 6/6 levels left

rFire   + . .      SeeInvis .    a - +1 war axe
rCold   + . .      Faith    .    (no shield)
rNeg    . . .      Spirit   .    b - +0 robe
rPois   .          Reflect  .    c - +0 hat
rElec   .          Harm     .    j - scarf {rC+ rF+}
rCorr   .          Rampage  .    (gloves unavailable)
Will    .....                    (boots unavailable)
Stlth   +                        (no amulet)
HPRegen 0.31/turn                (no ring)
MPRegen 0.12/turn                (no ring)

@: flying
A: large, unfitting armour, tough skin 1
a: Renounce Religion, Heroism


You were on level 5 of the Dungeon.
You worshipped Okawaru.
Okawaru was aware of your devotion.
You visited 1 branch of the dungeon, and saw 4 of its levels.

You collected 118 gold pieces.

Inventory:

Hand Weapons
 a - a +1 war axe (weapon)
Missiles
 d - 3 throwing nets
 e - 4 large rocks (quivered)
 i - 24 stones
Armour
 b - a +0 robe (worn)
 c - a +0 hat (worn)
 j - a scarf of resistance (worn)
Jewellery
 r - a ring of willpower
Scrolls
 k - a scroll of amnesia {unknown}
 m - a scroll of vulnerability {unknown}
 n - a scroll of identify
Potions
 f - a potion of flight
 g - a potion of resistance
 h - a potion of might {unknown}
 l - a potion of heal wounds {unknown}
 o - a potion of brilliance {unknown}
 p - 2 potions of mutation {unknown}
 q - a potion of ambrosia {unknown}


   Skills:
 - Level 3.0 Fighting
 - Level 3.1 Axes
 + Level 6.8 Throwing
 - Level 3.0 Dodging
 + Level 4.0 Invocations


You had 6 spell levels left.
You didn't know any spells.
Your spell library contained the following spells:

 Spells                   Type           Power      Damage    Failure   Level
 Freeze                   Ice            0%         1d3       38%         1
 Frozen Ramparts          Ice            0%         1d1       77%         3
 Hailstorm                Conj/Ice       0%         3d3       77%         3
 Fireball                 Conj/Fire      0%         3d3       100%        5
 Iskenderun's Battlesphe  Conj           0%         2d6       100%        5
 Conjure Ball Lightning   Conj/Air       0%         3x3d6     100%        6
 Orb of Destruction       Conj           0%         9d5       100%        7


Dungeon Overview and Level Annotations

Branches:
Dungeon (3/15)

Altars:
Okawaru

Shops:
D:1 (


Innate Abilities, Weirdness & Mutations

You are too large for most types of armour.
You have tough skin. (AC +1)


Message History

The orc is almost dead.
The orc hits you with a +0 morningstar! The orc attacks as you move away!
The orc completely misses you. The orc attacks as you move away!
The orc barely misses you.
You slash the orc!
You kill the orc!
Okawaru accepts your kill.
The orc priest mumbles some strange prayers to Beogh against you.
Beogh smites you!
You see here a +0 whip.
It was a potion of flight.
You feel very buoyant.
You fly up into the air.
You hit the orc but do no damage. The orc hits you but does no damage. x2
You hit the orc.
The orc is severely wounded.
The orc barely misses you.
You slash the orc!
You kill the orc!
Okawaru accepts your kill.
You hit the orc. You punch the orc, but do no damage.
The orc is lightly wounded.
The orc hits you with a +0 war axe!
The orc priest calls upon Beogh to heal the orc.
The orc's wounds heal themselves!
The orc hits you but does no damage.
You hit the orc.
The orc is lightly wounded.
The orc hits you with a +0 war axe!
* * * LOW HITPOINT WARNING * * *
The orc priest mumbles some strange prayers to Beogh against you.
Beogh smites you!
* * * LOW HITPOINT WARNING * * *
Throw: 5 large rocks
Press: ? - help, Q - select action, (/) - cycle Shift-Dir - straight line, f - orc
Aim: an orc, wielding a +0 war axe (lightly wounded, 62% to hit)
You throw a large rock.
The large rock completely misses the orc.
The large rock barely misses the orc priest.
The orc hits you with a +0 war axe!
You die...

##.........##.#
#.........###.#
#.##......# #.#
#.###...#.###.# #.#
#####.....# #.#
######## #.# #....
...######†## #.###
#.....@oo(# #.#
#.######..# #.#
#..# #.# ###o.# #.#
#....#########.###
##.##o#............
#.......o.o.o...###
#..##.#.#########
.... .....#


You could see an orc priest and an orc.

Vanquished Creatures
  Grinder (D:3)
  Sigmund (D:2)
  A black bear (D:5)
  An orc priest (D:5)
  A hound (D:5)
  5 adders
  4 dart slugs
  2 orcs (D:5)
  5 ball pythons
  6 endoplasms
  3 giant cockroaches
  4 goblins
  3 hobgoblins (D:1)
  2 jackals (D:1)
  4 quokkas
  A bat (D:2)
  4 frilled lizards
  10 kobolds
  4 rats
62 creatures vanquished.

Notes
Turn   | Place    | Note
-------+----------+-------------------------------------------
     0 | D:1      | Smoke131 the Ogre Gladiator began the quest for the Orb.
     0 | D:1      | Reached XP level 1. HP: 22/22 MP: 1/1
    30 | D:1      | Reached XP level 2. HP: 15/29 MP: 2/2
   359 | D:1      | Reached XP level 3. HP: 35/37 MP: 3/3
   443 | D:1      | Reached skill level 3 in Throwing
   608 | D:1      | Found Zitaugho's Antique Weapon Boutique.
   644 | D:2      | Noticed Sigmund
   649 | D:2      | Killed Sigmund
   650 | D:2      | Reached skill level 5 in Throwing
   650 | D:2      | Reached XP level 4. HP: 45/45 MP: 4/4
   650 | D:2      | Reached XP level 5. HP: 53/53 MP: 5/5
   737 | D:2      | Found an iron altar of Okawaru.
   747 | D:2      | Became a worshipper of Warmaster Okawaru
   944 | D:2      | Reached XP level 6. HP: 44/61 MP: 6/6
  1029 | D:2      | Reached skill level 1 in Invocations
  1636 | D:3      | Noticed Grinder
  1640 | D:3      | Killed Grinder
  1641 | D:3      | Reached skill level 6 in Throwing
  1641 | D:3      | Reached XP level 7. HP: 67/67 MP: 6/9
  1782 | D:3      | You fall into a shaft and drop 2 floors!
  1782 | D:5      | Entered Level 5 of the Dungeon
  1817 | D:5      | Reached * piety under Okawaru
  1937 | D:5      | HP: 2/67 [orc priest/divine providence (14)]
  1938 | D:5      | Mangled by an orc

Illustrated notes

Levels and vault maps discovered:
D:1:      onia_arrival_handbag, layout_rooms, serial_shops, shop
D:2:      layout_basic, basic_altar, uniq_sigmund
D:3:      layout_loops_corners, lemuel_zombie_altar_kikubaaqudgha,
          mainiacjoe_overflow_alcove_4, dilly_ecumenical_altar_fadedgnrine,
          uniq_terence, uniq_grinder
D:5:      layout_loops_ring, minmay_diced_spiral

Skill      XL: |  1  2  3  4  5  6  7 |
---------------+----------------------+-----
Fighting       | 3 |  3.0
Dodging        | 3 |  3.0
Throwing       | 5 6 |  6.8
Invocations    | 3 4 |  4.0
Axes           | |  3.1

Action                     |  1- 3 |  4- 6 |  7- 9 || total
---------------------------+-------+-------+-------++-------
  Melee: War axe           |    83 |    61 |    30 ||   174
         Punch             |       |     1 |     1 ||     2
  Throw: Large rock        |     5 |     4 |     2 ||    11
    Use: Scroll            |       |     5 |       ||     5
         Potion            |       |       |     1 ||     1
   Stab: Sleeping          |     1 |     2 |       ||     3
 Armour: Robe              |    23 |    17 |    10 ||    50
  Dodge: Dodged            |    45 |    35 |    17 ||    97

Table legend: (Time is in decaauts)
 A = Elapsed time spent in this place.
 B = Non-inter-level travel time spent in this place.
 C = Inter-level travel time spent in this place.
 D = Time resting spent in this place.
 E = Time spent auto-exploring this place.
 F = Levels seen in this place.
 G = Mean time per level.
                   A        B        C        D        E       F      G
               +--------+--------+--------+--------+--------+-----+--------+
         Total |   2005 |   1962 |     43 |      0 |   1251 |   4 |  501.2 |
       Dungeon |   2005 |   1962 |     43 |      0 |   1251 |   4 |  501.2 |
               +--------+--------+--------+--------+--------+-----+--------+

Top non-repeatable levels by time:
     D:2: 933 daAuts
     D:1: 668 daAuts
     D:3: 240 daAuts
     D:5: 163 daAuts
